AoeStats
← Redmidlum

Highland

504758358Analyzed
2v2 RM · 26d ago on Sep 6, 2026· 15m 10s· 4 players
Game mode
Random Map
Map size
Medium (4 player)
Population
200
Speed
Normal
Resources
Standard
Victory
Conquest
Starting age
Dark Age
Ending age
Imperial Age
RankedLock teamsTeams togetherTeam positionsShared explorationLock speedFull tech treeHidden civsTurbo modeCheats
Victory
Defeat
🇬🇧 Cumans · United Kingdom
797
+18
🇸🇰 Byzantines · Slovakia
797
+18
🇹🇼 Huns · Taiwan
855
-19
🇨🇱 Sicilians · Chile
822
-17
Redmidlum
6:25 Loom
9:38 Feudal Age
MYTH_0503
7:34 Loom
11:22 Feudal Age
14:06 Wheelbarrow
13:17 Horse Collar
13:32 Double-Bit Axe
Tyrant Bacty
12:19 Loom
15:25 Feudal Age
monkey780526
10:16 Feudal Age
11:08 Double-Bit Axe
13:51 Wheelbarrow
Connection lost

Rejoining the realm…

Still unreachable

The connection could not be restored.

Session expired

The server has moved on; the page needs a fresh start.